 Dungeon Crawl Stone Soup version 0.31-a0-744-gbc345e7fcb (webtiles) character file.

Game seed: 8762880370242772346

72 senseless the Ducker (level 4, 0/35 HPs)
             Began as a Merfolk Gladiator on Sept 13, 2023.
             Slain by Natasha (7 damage)
             ... on level 2 of the Dungeon.
             The game lasted 00:02:16 (1537 turns).

senseless the Ducker (Merfolk Gladiator)            Turns: 1537, Time: 00:02:17

Health: 0/35       AC:  4    Str: 14    XL:     4   Next: 26%
Magic:  4/4        EV: 14    Int:  7    God:
Gold:   110        SH:  0    Dex: 17    Spells: 3/3 levels left

rFire   . . .        a - +0 rapier
rCold   . . .        (no shield)
rNeg    . . .        b - +0 leather armour
rPois   .            c - +0 helmet
rElec   .            (no cloak)
rCorr   .            (no gloves)
SInv    +            (no boots)
Will    .....        (no amulet)
Stlth   ++           k - ring of see invisible
HPRegen 0.25/turn    (no ring)
MPRegen 0.09/turn

%: no passive effects
@: slowed, very slow
A: (nimble swimmer 2), mertail
a: no special abilities


You were on level 2 of the Dungeon.
You visited 1 branch of the dungeon, and saw 2 of its levels.

You collected 110 gold pieces.

Inventory:

Hand Weapons
 a - a +0 rapier (weapon)
 l - a +0 dagger
Missiles
 d - 2 throwing nets (quivered)
 e - a javelin
 h - 4 poisoned darts
Armour
 b - a +0 leather armour (worn)
 c - a +0 helmet (worn)
Jewellery
 k - a ring of see invisible (left hand)
Scrolls
 f - 3 scrolls of amnesia {unknown}
 i - a scroll of blinking {unknown}
 o - a scroll of summoning {unknown}
 p - a scroll of enchant armour {unknown}
 q - a scroll of fog {unknown}
Potions
 g - a potion of lignification {unknown}
 j - a potion of mutation {unknown}
 m - 2 potions of haste {unknown}
 n - a potion of curing {unknown}


   Skills:
 + Level 3.0 Fighting
 + Level 4.3 Short Blades
 - Level 2.0 Throwing
 + Level 4.7 Dodging
 + Level 2.1 Stealth


You had 3 spell levels left.
You didn't know any spells.
Your spell library was empty.

Dungeon Overview and Level Annotations

Branches:
Dungeon (2/15)

Altars:

Annotations:
D:2 Natasha


Innate Abilities, Weirdness & Mutations

((You are very nimble when in or above water. (Stealth+, EV+, Speed+++)))
Your lower body shifts to a powerful aquatic tail in water.


Message History

Natasha is caught in the net!
Natasha is lightly wounded.
Natasha struggles against the net.
You hit Natasha.
Natasha is moderately wounded.
Natasha hisses.
Natasha struggles against the net.
Natasha casts a spell at you. The magic dart hits you.
Natasha struggles against the net.
You hit Natasha.
Natasha is heavily wounded.
Natasha stares at you and mumbles some strange words.
You resist with some effort.
Natasha struggles against the net.
The net rips apart, and Natasha comes free!
You hit Natasha but do no damage.
Natasha is heavily wounded.
You closely miss Natasha.
Natasha is heavily wounded.
Natasha barely misses you. Natasha completely misses you.
You hit Natasha.
Natasha is almost dead.
Natasha barely misses you.
You barely miss Natasha.
Natasha is almost dead.
Natasha stares at you and mumbles some strange words.
You feel as though you will be slow longer.
Natasha claws you!
* * * LOW HITPOINT WARNING * * *
You barely miss Natasha.
Natasha is almost dead.
Natasha casts a spell.
You completely miss Natasha.
Natasha is almost dead.
Natasha closely misses you. The cerulean imp completely misses you.
Natasha closely misses you.
You barely miss Natasha.
Natasha is almost dead.
The cerulean imp barely misses you. Natasha claws you!
You die...
Natasha begins licking her fur clean.

#..........# ............#
.............#
......###..### ..#...
##..# #.. ##.# #.. #.#
#..5#####.####
#...h@.......#
#########..#.# #####
######.#.# #....
#...##.#.# #.###
#########.#......# #.#
#.........#..###.#####.#
#.........#.........##.#
#.........##.###.##....###
#.........##.###.##.##....


You could see Natasha and a cerulean imp (summoned).

Vanquished Creatures
  Jessica (D:2)
  An adder (D:2)
  A gnoll (D:1)
  A dart slug (D:2)
  An endoplasm (D:2)
  2 goblins (D:1)
  3 hobgoblins
  3 jackals (D:2)
  2 quokkas
  2 ball pythons
  A bat (D:1)
  4 frilled lizards
  A kobold (D:2)
  4 rats
27 creatures vanquished.

Notes
Turn   | Place    | Note
-------+----------+-------------------------------------------
     0 | D:1      | senseless the Merfolk Gladiator began the quest for the
                  | Orb.
     0 | D:1      | Reached XP level 1. HP: 16/16 MP: 1/1
   187 | D:1      | Reached skill level 1 in Stealth
   187 | D:1      | Reached XP level 2. HP: 4/23 MP: 2/2
   448 | D:1      | Found a faded altar of an unknown god.
   890 | D:2      | Reached XP level 3. HP: 19/28 MP: 3/3
  1040 | D:2      | Noticed Jessica
  1048 | D:2      | Killed Jessica
  1049 | D:2      | Reached XP level 4. HP: 35/35 MP: 4/4
  1520 | D:2      | Noticed Natasha
  1537 | D:2      | Slain by Natasha

Illustrated notes

Levels and vault maps discovered:
D:1:      psy_arrival_basics, layout_loops_ring, ebering_ecumenical_altar_webs
D:2:      layout_basic, kennysheep_donut, minmay_misc_feat_room, uniq_jessica,
          uniq_natasha

Skill      XL: |  1  2  3  4 |
---------------+-------------+-----
Stealth        | 1 2 |  2.1
Short Blades   | 4 |  4.3
Fighting       | 3 |  3.0
Throwing       | |  2.0
Dodging        | |  4.7

Action                     |  1- 3 |  4- 6 || total
---------------------------+-------+-------++-------
  Melee: Rapier            |    48 |    50 ||    98
  Throw: Throwing net      |     1 |     1 ||     2
   Stab: Sleeping          |     1 |     3 ||     4
         Held in net/web   |     1 |       ||     1
 Armour: Leather armour    |    21 |    24 ||    45
  Dodge: Dodged            |    25 |    41 ||    66

Table legend: (Time is in decaauts)
 A = Elapsed time spent in this place.
 B = Non-inter-level travel time spent in this place.
 C = Inter-level travel time spent in this place.
 D = Time resting spent in this place.
 E = Time spent auto-exploring this place.
 F = Levels seen in this place.
 G = Mean time per level.
                   A        B        C        D        E       F      G
               +--------+--------+--------+--------+--------+-----+--------+
         Total |   1542 |   1456 |     86 |      0 |   1228 |   2 |  771.0 |
       Dungeon |   1542 |   1456 |     86 |      0 |   1228 |   2 |  771.0 |
               +--------+--------+--------+--------+--------+-----+--------+

Top non-repeatable levels by time:
     D:1: 868 daAuts
     D:2: 673 daAuts
